 Dungeon Crawl Stone Soup version 0.30-b1-2-g02819fbbbe (webtiles) character file.

Game seed: 6160663609742781887

13 Alarkh the Shooter (level 2, 22/22 HPs)
             Began as a Demonspawn Hunter on May 23, 2023.
             Got out of the dungeon alive.
             The game lasted 00:01:17 (359 turns).

Alarkh the Shooter (Demonspawn Hunter)               Turns: 359, Time: 00:01:18

Health: 22/22      AC:  3    Str: 11    XL:     2   Next: 24%
Magic:  2/2        EV: 11    Int: 10    God:
Gold:   15         SH:  0    Dex: 16    Spells: 1/1 levels left

rFire   . . .        b - +0 short sword
rCold   . . .        (no shield)
rNeg    . . .        c - +0 leather armour
rPois   .            (no helmet)
rElec   .            (no cloak)
rCorr   .            (no gloves)
SInv    .            (no boots)
Will    .....        (no amulet)
Stlth   +            (no ring)
HPRegen 0.23/turn    (no ring)
MPRegen 0.08/turn

%: no passive effects
@: no status effects
A: hooves 1
a: no special abilities


You escaped.
You visited 1 branch of the dungeon, and saw 1 of its levels.

You collected 15 gold pieces.

Inventory:

Hand Weapons
 a - a +0 shortbow
 b - a +0 short sword (weapon)
Armour
 c - a +0 leather armour (worn)
 g - a +0 buckler
Scrolls
 d - a scroll of teleportation {unknown}
 f - a scroll of identify {unknown}
 h - a scroll of immolation
Potions
 e - a potion of heal wounds {unknown}


   Skills:
 - Level 2.0 Fighting
 + Level 4.2 Ranged Weapons
 - Level 1.7 Dodging
 - Level 0.8 Stealth


You had one spell level left.
You didn't know any spells.
Your spell library was empty.

Dungeon Overview and Level Annotations

Branches:
Dungeon (1/15)

Altars:


Innate Abilities, Weirdness & Mutations

You have large cloven feet.


Message History

A dart slug comes into view.
You shoot an arrow. The arrow hits the dart slug.
The dart slug is moderately wounded.
A bat comes into view.
You shoot an arrow. The arrow hits the bat.
You kill the bat!
An endoplasm comes into view.
You shoot an arrow. The arrow barely misses the endoplasm.
You shoot an arrow. The arrow hits the endoplasm!
You kill the endoplasm!
No target in view!
The dart slug bites you but does no damage.
You shoot an arrow. The arrow hits the dart slug.
The dart slug is almost dead.
You shoot an arrow.
The arrow hits the dart slug but does no damage.
The dart slug is almost dead.
The dart slug bites you.
You shoot an arrow. The arrow hits the dart slug.
You kill the dart slug!
No target in view!
You see here a +0 buckler.
g - a +0 buckler You see here a +0 short sword.
h - a +0 short sword Adjust to which letter? (? for menu, Esc to quit)
b - a +0 short sword;
h - a scroll of immolation
b - a +0 short sword (weapon)
You start putting on your armour.
You continue putting on your +0 buckler. x4
You finish putting on your +0 buckler.
You can't wield that with only one hand.
You start removing your armour.
You continue taking off your +0 buckler. x4
You finish taking off your +0 buckler.
You see here a frilled lizard skeleton.
There is an open gate here.
There is a staircase leading out of the dungeon here.
Are you sure you want to leave the Dungeon?
This will make you lose the game!
You have escaped!

...............############.#
#######)######## #.# #)...##
#.# #####..## #.#
######.....#.# #.#
....##.###..######### #.#
...............#.#.8# #.#
....#รท###>.#####..#'### #.#
.####.#...>.# #@.#'..#####.#
.# #.#.#..## #..#'#.......#
.# #......# #.#.8####.#### .#
#.#.##.########## #.# .#
#.#........# #.# ..
#.####>###.# #.# #......# #.#
#####.# ######## #.# #.....#
#.#####.#####


There were no monsters in sight!

Vanquished Creatures
  2 dart slugs (D:1)
  2 endoplasms (D:1)
  2 goblins (D:1)
  A bat (D:1)
  A frilled lizard (D:1)
  A rat (D:1)
9 creatures vanquished.

Notes
Turn   | Place    | Note
-------+----------+-------------------------------------------
     0 | D:1      | Alarkh the Demonspawn Hunter began the quest for the Orb.
     0 | D:1      | Reached XP level 1. HP: 16/16 MP: 1/1
   112 | D:1      | Reached skill level 4 in Ranged Weapons
   240 | D:1      | Gained mutation: You have large cloven feet. [demonic
                  | ancestry]
   240 | D:1      | Reached XP level 2. HP: 22/22 MP: 2/2
   359 | D:$      | Got out of the dungeon alive.

Illustrated notes

Levels and vault maps discovered:
D:1:      saegor_arrival_simple_c, layout_loops_cross, serial_glass,
          glass_columns_b, glass_columns_b

Skill      XL: |  1 |
---------------+----+-----
Ranged Weapons | 4 |  4.2
Fighting       | |  2.0
Dodging        | |  1.7
Stealth        | |  0.8

Action                     || total
---------------------------++-------
   Fire: Shortbow          ||    19
 Armour: Leather armour    ||     1
